 Dungeon Crawl Stone Soup version 0.27.0-1-g7a089689b8 (webtiles) character file.

Game seed: 4248278948317268897

123 thirtiethelement the Skirmisher (level 4, 0/37 HPs)
             Began as a Demonspawn Abyssal Knight on Aug 15, 2021.
             Was a Believer of Lugonu.
             Slain by a gnoll (8 damage)
             ... on level 3 of the Dungeon.
             The game lasted 00:05:24 (3318 turns).

thirtiethelement the Skirmisher (DsAK)              Turns: 3318, Time: 00:05:25

Health: 0/37       AC:  3    Str: 12    XL:     4   Next: 80%
Magic:  5/5        EV: 11    Int: 14    God:    Lugonu [**....]
Gold:   92         SH:  4    Dex: 13    Spells: 3/3 levels left

rFire    . . .     SeeInvis .   a - +1 falchion
rCold    . . .     Faith    .   (no shield)
rNeg     . . .     Spirit   .   b - +0 leather armour
rPois    .         Reflect  .   (helmet restricted)
rElec    .         Harm     .   (no cloak)
rCorr    .         Rampage  .   (no gloves)
Will     .....                  (no boots)
Stlth    +.........             (no amulet)
HPRegen  0.12/turn              (no ring)
MPRegen  0.09/turn              (no ring)

@: no status effects
A: antennae 1, demonic guardian 1, condensation shield
a: Renounce Religion, Depart the Abyss, Bend Space


You were on level 3 of the Dungeon.
You worshipped Lugonu.
Lugonu was pleased with you.
You visited 1 branch of the dungeon, and saw 3 of its levels.
You visited the Abyss 1 time.

You collected 159 gold pieces.
You spent 67 gold pieces at shops.

Inventory:

Hand Weapons
 a - a +1 falchion (weapon)
Missiles
 j - 7 atropa-tipped darts
 k - 3 boomerangs (quivered)
Armour
 b - a +0 leather armour (worn)
Scrolls
 d - 3 scrolls of teleportation
 g - a scroll of summoning
Potions
 c - a potion of heal wounds
 e - 2 potions of ambrosia
 f - a potion of cancellation {unknown}
 h - 5 potions of lignification {unknown}
 i - a potion of flight {unknown}


   Skills:
 + Level 4.0 Fighting
 + Level 3.1 Long Blades
 + Level 2.5 Armour
 + Level 1.0 Dodging
 + Level 0.5 Stealth
 + Level 2.5 Invocations


You had 3 spell levels left.
You didn't know any spells.
Your spell library was empty.

Dungeon Overview and Level Annotations

Branches:
Dungeon (3/15)

Altars:
Xom

Shops:
D:2 *   D:3 *


Innate Abilities, Weirdness & Mutations

You have a pair of small antennae on your head.
A weak demonic guardian rushes to your aid.
A meltable shield of frost defends you. (SH +4)


Message History

Throw: 3 boomerangs
Press: ? - help, Q - select action, (/) - cycle Shift-Dir - straight line, f/p - gnoll
Aim: a gnoll, wielding a +0 whip (severely wounded, ally target, 63% to hit)
You throw a boomerang. The boomerang hits the gnoll.
The gnoll is almost dead.
Your iron imp barely misses the gnoll.
The gnoll hits your iron imp with a +0 whip.
Throw: 3 boomerangs
Press: ? - help, Q - select action, (/) - cycle Shift-Dir - straight line, f/p - gnoll
Aim: a gnoll, wielding a +0 whip (almost dead, ally target, 63% to hit)
You throw a boomerang. The boomerang barely misses the gnoll.
Your iron imp hits the gnoll.
The gnoll dies!
Lugonu accepts your kill.
Throw: 3 boomerangs
Press: ? - help, Q - select action, (/) - cycle Shift-Dir - straight line, f - gnoll
Aim: a gnoll, wielding a +0 whip (63% to hit)
You throw a boomerang. The boomerang hits the gnoll.
The gnoll is heavily wounded.
Your iron imp hits the gnoll but does no damage.
The gnoll hits your iron imp with a +0 whip.
Throw: 3 boomerangs
Press: ? - help, Q - select action, (/) - cycle Shift-Dir - straight line, f/p - gnoll
Aim: a gnoll, wielding a +0 whip (heavily wounded, ally target, 63% to hit)
You throw a boomerang. The boomerang hits the gnoll.
The gnoll is heavily wounded.
The gnoll hits your iron imp with a +0 whip.
Your iron imp dies!
You completely miss the gnoll.
The gnoll is heavily wounded.
The gnoll hits you with a +0 whip.
* * * LOW HITPOINT WARNING * * *
You closely miss the gnoll.
The gnoll is heavily wounded.
The gnoll hits you with a +0 whip.
* * * LOW HITPOINT WARNING * * *
You hit the gnoll.
The gnoll is severely wounded.
The gnoll hits you with a +0 whip!
You die...

#########...###...#....# #.##..
....#####...# #...#....# #.##.#
............# #...#....#####'##'#
.##.#.......###...#.###..........
..#...........'...'.# #..........
..#.........###...#####..........
..#...........+...'..............
..#..######.###...#########......
..#..######.###g@.######.........
..#.>.........)).......'.........
.######...#########...##.........
......'...'..# #...##.........
.######...##'### #r..##.........
.# #.....g.....# #...##.........
## #...........# #...##.........
#...........# #...##...>.....
#.....g.....####...##.........


You could see a gnoll.

Vanquished Creatures
  Jessica (D:2)
  An adder (D:2)
  A worm (D:2)
  2 dart slugs
  A bat (D:2)
  6 endoplasms
  3 giant cockroaches (D:1)
  A hobgoblin (D:1)
  7 jackals
  5 kobolds
  A quokka (D:1)
  7 ball pythons
  A frilled lizard (D:2)
  3 goblins (D:1)
  8 rats
48 creatures vanquished.

Vanquished Creatures (collateral kills)
  3 gnolls (D:3)
  An adder (D:2)
  A worm (D:2)
  2 jackals (D:2)
7 creatures vanquished.

Grand Total: 55 creatures vanquished

Notes
Turn   | Place    | Note
-------+----------+-------------------------------------------
     0 | Abyss:1  | thirtiethelement the Demonspawn Abyssal Knight began the
                  | quest for the Orb.
     0 | Abyss:1  | Reached XP level 1. HP: 18/18 MP: 2/2
   113 | Abyss:1  | Noticed a large abomination
   125 | Abyss:1  | Noticed a blink frog
   126 | Abyss:1  | Noticed a shadow
   196 | Abyss:3  | Noticed a starcursed mass
   206 | D:1      | Escaped the Abyss
   672 | D:1      | Reached * piety under Lugonu
   812 | D:1      | Gained mutation: A weak demonic guardian rushes to your
                  | aid. [demonic ancestry]
   812 | D:1      | Reached XP level 2. HP: 24/24 MP: 3/3
   993 | D:1      | Found a faded altar of an unknown god.
  1399 | D:1      | Gained mutation: You have a pair of small antennae on your
                  | head. [demonic ancestry]
  1399 | D:1      | Reached XP level 3. HP: 27/30 MP: 4/4
  1698 | D:2      | Found Xeiqaiw's Assorted Antiques.
  1923 | D:2      | Bought a scroll labelled YSECHIRCHUU for 19 gold pieces
  1923 | D:2      | Bought a scroll labelled QURGHE MUXANY for 19 gold pieces
  2248 | D:2      | Noticed Jessica
  2258 | D:2      | Killed Jessica
  2259 | D:2      | Reached skill level 4 in Fighting
  2259 | D:2      | Reached skill level 1 in Dodging
  2259 | D:2      | Gained mutation: A meltable shield of frost defends you.
                  | (SH +4) [demonic ancestry]
  2259 | D:2      | Reached XP level 4. HP: 9/37 MP: 5/5
  3033 | D:3      | Found a shimmering altar of Xom.
  3065 | D:3      | Found Ukaxukh's Assorted Antiques.
  3068 | D:3      | Bought a scroll labelled HUKHAK KAKU for 29 gold pieces
  3235 | D:3      | Reached ** piety under Lugonu
  3318 | D:3      | Slain by a gnoll

Illustrated notes

Levels and vault maps discovered:
D:1:      saegor_arrival_under_anarchy, layout_basic,
          chequers_ecumenical_altar_simple_redux
D:2:      layout_basic, serial_shops, shop, uniq_jessica
D:3:      layout_basic, mainiacjoe_overflow_tiny_flanked, serial_shops, shop,
          minmay_misc_feat_square

Skill      XL: |  1  2  3  4 |
---------------+-------------+-----
Armour         | 2 |  2.5
Long Blades    | 2 3 |  3.1
Fighting       | 4 |  4.0
Dodging        | 1 |  1.0
Stealth        | |  0.5
Invocations    | |  2.5

Action                   |  1- 3 |  4- 6 || total
-------------------------+-------+-------++-------
Melee: Falchion          |   105 |    47 ||   152
Throw: Boomerang         |       |     9 ||     9
       Dart              |       |     1 ||     1
Invok: Depart the Abyss  |     1 |       ||     1
  Use: Scroll            |     7 |     2 ||     9
       Potion            |       |     1 ||     1
 Stab: Sleeping          |     1 |       ||     1
Armor: Leather armour    |    33 |    10 ||    43
Dodge: Dodged            |    64 |    32 ||    96
Block: Other             |       |     9 ||     9
       Rpst.: Falchion   |    21 |    12 ||    33
